 Dungeon Crawl Stone Soup version 0.25.1-2-g60ff931 (webtiles) character file.

Game seed: 143489462811126071

56004 Firecrotchwizard the Fencer (level 14, -4/130 HPs)
             Began as a Minotaur Berserker on Aug 6, 2020.
             Was a High Priest of Trog.
             Slain by an ogre mage
             ... wielding a cursed -2 halberd
              (9 damage)
             ... on level 2 of the Orcish Mines.
             The game lasted 00:26:27 (18154 turns).

Firecrotchwizard the Fencer (Minotaur Berserker)   Turns: 18154, Time: 00:26:27

Health: -4/130     AC: 23    Str: 24    XL:     14   Next: 40%
Magic:  0/13       EV: 14    Int: 12    God:    Trog [*****.]
Gold:   3240       SH:  0    Dex: 11    Spells: 13/13 levels left

rFire    . . .     SeeInvis .   V - +11 plutonium sword {*Contam Stlth-}
rCold    + . .     Gourm    .   (shield currently unavailable)
rNeg     . . .     Faith    .   t - +4 chain mail {rPois}
rPois    +         Spirit   +   d - +1 hat
rElec    .         Reflect  .   (no cloak)
rCorr    .         Harm     .   e - +0 pair of gloves
MR       +....                  E - +2 pair of boots {Stlth+}
Stlth    ..........             o - amulet of guardian spirit {Spirit}
HPRegen  0.31/turn              X - +6 ring of intelligence
MPRegen  0.13/turn              s - ring of protection from cold {rC+, !d}

@: berserk cooldown, slowed, very slow
A: retaliatory headbutt, horns 2
a: Berserk, Trog's Hand, Brothers in Arms, Renounce Religion


You were on level 2 of the Orcish Mines.
You worshipped Trog.
Trog was extremely pleased with you.
You were near starving.

You visited 3 branches of the dungeon, and saw 18 of its levels.

You collected 3539 gold pieces.
You spent 299 gold pieces at shops.

Inventory:

Hand Weapons
 m - a +2 demon blade of flaming
   (Trog gifted it to you on level 1 of the Orcish Mines)
 K - a +3 great sword of flaming
   (Trog gifted it to you on level 9 of the Dungeon)
 V - the +11 plutonium sword (weapon) {*Contam Stlth-}
   (You acquired it on level 2 of the Lair of Beasts)

   It causes magical contamination when unequipped.
   It makes you less stealthy.
 Z - a +3 great sword
   (Trog gifted it to you on level 5 of the Lair of Beasts)
Missiles
 G - 4 throwing nets {=f, !d}
 I - 6 curare-tipped darts
Armour
 d - a +1 hat (worn)
   (You found it on level 5 of the Lair of Beasts)
 e - a +0 pair of gloves (worn)
   (You found it on level 1 of the Dungeon)
 t - a +4 chain mail of poison resistance (worn)
   (You took it off Edmund on level 4 of the Dungeon)
 E - a +2 pair of boots of stealth (worn)
   (You found it on level 6 of the Lair of Beasts)
Jewellery
 a - an uncursed ring of wizardry {unknown}
   (You found it on level 5 of the Lair of Beasts)
 f - an uncursed ring of protection from fire {unknown}
   (You found it on level 6 of the Lair of Beasts)
 h - a cursed -4 ring of strength {unknown}
   (You found it on level 6 of the Lair of Beasts)
 n - an uncursed ring of ice {rC+, rF-}
   (You found it on level 2 of the Dungeon)
 o - an amulet of guardian spirit (around neck) {Spirit}
   (You found it on level 2 of the Dungeon)
 q - an uncursed ring of stealth {Stlth+}
   (You found it on level 3 of the Dungeon)
 s - a ring of protection from cold (right hand) {rC+, !d}
   (You found it on level 4 of the Dungeon)
 M - the ring of Iffetuki {Ice rPois Int+3 Stlth-}
   (You bought it in a shop on level 9 of the Dungeon)

   [ring of ice]

   It enhances your ice magic.
   It affects your intelligence (+3).
   It makes you vulnerable to fire.
   It protects you from cold.
   It protects you from poison.
   It makes you less stealthy.
 X - a +6 ring of intelligence (left hand)
   (You found it on level 3 of the Lair of Beasts)
Wands
 b - a wand of digging (4)
   (You found it on level 5 of the Lair of Beasts)
 z - a wand of acid (29)
   (You found it on level 6 of the Dungeon)
 H - a wand of iceblast (24)
   (You found it on level 7 of the Dungeon)
 O - a wand of paralysis (6)
   (You found it on level 1 of the Lair of Beasts)
 P - a wand of polymorph (15)
   (You found it on level 10 of the Dungeon)
Scrolls
 g - 7 scrolls of identify
 l - 4 scrolls of blinking {!r}
 r - 5 scrolls of fear
 w - 4 scrolls of fog
 x - 5 scrolls of remove curse
 L - a scroll of immolation {!r}
 N - 10 scrolls of teleportation
 S - 3 scrolls of magic mapping {!r}
 W - a scroll of holy word {!r}
 Y - a scroll of torment {!r}
Potions
 i - 2 potions of stabbing
 k - 3 potions of heal wounds
 p - 4 potions of lignification {!q}
 v - 5 potions of curing
 A - 4 potions of magic
 B - a potion of resistance
 C - 2 potions of brilliance
 D - 2 potions of cancellation
 F - 3 potions of haste
 J - a potion of flight
 Q - a potion of mutation {!q}
 R - a potion of ambrosia
Miscellaneous
 u - a box of beasts
Comestibles
 c - 29 rations
 j - 5 chunks of flesh {@w0}


   Skills:
 + Level 13.8 Fighting
 * Level 18.3 Long Blades
 + Level 13.5 Armour
 + Level 12.5 Dodging


You had 13 spell levels left.
You didn't know any spells.
Your spell library was empty.

Dungeon Overview and Level Annotations

Branches:
Dungeon (10/15)            Temple (0/1) D:4            Lair (6/6) D:9
  Swamp (0/4) Lair:2        Snake (0/4) Lair:4        Slime (0/5) Lair:6
    Orc (2/2) D:9             Elf (0/3) Orc:2

Altars:
Ashenzari
Cheibriados
Dithmenos
Fedhas
Gozag
Kikubaaqudgha
Ru
Trog
Wu Jian
The Shining One
Beogh

Shops:
D:4 ([   D:9 *   Orc:2 }!


Innate Abilities, Weirdness & Mutations

You reflexively headbutt those who attack you in melee.
You have a pair of horns on your head.


Message History

An ogre comes into view.
It is wielding a +0 giant spiked club. 2 ogres come into view.
The ogre shouts! x2
Items here: )))))) ††† You open the cyclops like a pillowcase!!!
Your two-headed ogre hits the ogre with a +0 giant club!!!
The ogre dies!
Trog accepts your kill. The cyclops hits you!
A deep troll comes into view.
You take 9 damage, and have 67/195 hp.
You slice the cyclops!!
You kill the cyclops!
Trog accepts your kill.
An ogre comes into view. It is wielding a +0 giant club.
You see here a +0 giant club.
You feel a strong urge to attack something.
Your two-headed ogre hits the ogre mage with a +0 giant club!!!
Your two-headed ogre hits the ogre mage with a +0 giant spiked club!!
The ogre mage dies!
Trog accepts your kill.
Trog appreciates your killing of a magic user.
Found Icsaj's Gadget Boutique.
You see here a +0 robe.
You swap places.
You feel your anger nearly subside.
An ogre mage comes into view. It is wielding a -2 halberd.
You are no longer berserk.
You are exhausted.
You feel yourself slow down.
The ogre mage shouts!
The ogre mage gestures at the ogre while chanting.
The ogre seems to speed up.
You now have 45/130 hp.
You slice the ogre!! Your headbutt misses the ogre.
Your two-headed ogre hits the ogre with a +0 giant club!!
The ogre dies!
Trog accepts your kill. The ogre misses you.
Your two-headed ogre barely misses the ogre.
Your two-headed ogre hits the ogre with a +0 giant spiked club!!
The ogre dies!
Trog accepts your kill.
You slice the ogre!!
The ogre mage casts a spell.
The ogre mage flickers and vanishes!
Deactivating autopickup; reactivate with Ctrl-A.
The ogre closely misses you. You furiously retaliate!
You headbutt the ogre.
The ogre hits your two-headed ogre with a +0 giant spiked club!
The deep troll bites your two-headed ogre!
The deep troll barely misses your two-headed ogre.
The deep troll claws your two-headed ogre.
Your two-headed ogre barely misses the deep troll.
Your two-headed ogre hits the deep troll with a +0 giant spiked club!!
You slice the ogre!!
You kill the ogre!
Trog accepts your kill.
The deep troll bites your two-headed ogre.
The deep troll claws your two-headed ogre. x2
Your two-headed ogre hits the deep troll with a +0 giant club!
Your two-headed ogre barely misses the deep troll.
The ogre hits your two-headed ogre with a +0 giant spiked club!!
Your two-headed ogre dies!
Your two-headed ogre's corpse disappears in a puff of smoke!
The ogre hits you with a +0 giant club.
You take 1 damage, and have 45/130 hp.
You slash the ogre! You headbutt the ogre! The ogre barely misses you.
You riposte.
You slice the ogre!!
You kill the ogre!
Trog accepts your kill. The deep troll bites you.
The deep troll claws you but does no damage.
The deep troll claws you!
* * * LOW HITPOINT WARNING * * *
You take 12 damage, and have 33/130 hp.
You now have 4/13 mp.
You dice the ogre like an onion!!!
You kill the ogre!
Trog accepts your kill.
The deep troll bites you but does no damage.
The deep troll claws you!
* * * LOW HITPOINT WARNING * * *
The deep troll claws you!
* * * LOW HITPOINT WARNING * * *
Something hits you.
* * * LOW HITPOINT WARNING * * *
The deep troll misses you.
The deep troll claws you but does no damage. x2
You take 19 damage, and have 14/130 hp.
You now have 2/13 mp.
You closely miss the deep troll. The deep troll completely misses you.
You riposte.
You slash the deep troll! The deep troll barely misses you.
The deep troll claws you but does no damage.
Something hits you!
* * * LOW HITPOINT WARNING * * *
You take 9 damage, and have 5/130 hp.
You now have 1/13 mp.
You slice the deep troll!!
You kill the deep troll!
Trog accepts your kill.
The troll leather armour is intact enough to wear.
Something hits you!
You die...

####....#............
##..#.................
##........$..).........
#.............)[......$
##.#.........)().......
##.....#....)[)†......
####............)(.......
##.#.............)........
#..............[@[........
##..............)){....∩..
###......................
#.......#...........$...
##.##....#.#............
###.......#............
##.....................
#....................∩.
##....#...............


There were no monsters in sight!

Vanquished Creatures
  A stone giant (Orc:2)
  Harold (D:7)
  5 two-headed ogres
  Erica (D:8)
  A deep troll shaman (Lair:6)
  9 death yaks
  A deep troll (Orc:2)
  A lindwurm (Lair:6)
  Pikel (D:4)
  A cyclops (Orc:2)
  2 orc sorcerers (Orc:2)
  20 elephants
  3 black mambas
  9 spiny frogs
  3 rime drakes
  5 komodo dragons
  A jumping spider (Lair:3)
  4 polar bears
  2 tyrant leeches
  A meliai (Lair:3)
  Prince Ribbit (D:8)
  7 trolls
  7 dream sheep
  12 hippogriffs
  Grinder (D:5)
  A spriggan (D:8)
  Sigmund (D:4)
  14 yaks
  3 wyverns
  5 basilisks
  A hungry ghost (D:7)
  A steam dragon (Lair:3)
  Menkaure (D:5)
  4 wargs
  3 nagas (Lair:4)
  Edmund (D:4)
  2 swamp worms (Lair:5)
  11 water moccasins
  Duvessa (D:5)
  4 porcupines
  3 orc warriors
  2 sky beasts
  4 ice beasts
  4 phantoms
  A necrophage (D:8)
  21 ogres
  6 black bears
  19 wolves
  A centaur (D:6)
  25 crocodiles
  2 big kobolds (D:9)
  Blork the orc (D:5)
  A gnoll sergeant (D:6)
  15 bullfrogs
  A wyvern zombie (D:9)
  Dowan (D:5)
  2 scorpions
  5 wights (D:8)
  6 howler monkeys
  An electric eel (Lair:1)
  2 bullfrog zombies (D:8)
  A centaur zombie (D:8)
  6 crimson imps
  A centaur skeleton (D:9)
  3 jellies
  12 orc wizards
  A quasit (D:6)
  A bullfrog skeleton (D:6)
  7 orc priests
  4 hounds
  Natasha (thrice) (D:3)
  7 iguanas
  5 worker ants
  2 hound zombies
  A hound skeleton (D:4)
  2 worker ant zombies
  A howler monkey zombie (D:8)
  8 gnolls
  11 adders
  3 shadow imps
  An ooze (D:1)
  An adder skeleton (D:9)
  7 worms
  2 dart slugs (D:5)
  10 leopard geckos
  54 orcs
  9 giant cockroaches
  8 hobgoblins
  9 jackals
  2 quokkas
  4 ball pythons
  9 bats
  17 frilled lizards
  8 goblins
  18 kobolds
  A leopard gecko skeleton (D:4)
  2 leopard gecko zombies (D:5)
  A quokka skeleton (D:4)
  8 rats
526 creatures vanquished.

Vanquished Creatures (collateral kills)
  A hydra (Lair:5)
  A catoblepas (Lair:6)
  An ogre mage (Orc:2)
  6 two-headed ogres (Orc:2)
  2 death yaks (Lair:6)
  Sonja (Lair:5)
  A deep troll (Orc:2)
  3 trolls (Orc:2)
  6 ogres (Orc:2)
22 creatures vanquished.

Vanquished Creatures (others)
  A slave (D:4)
  3 orcs
  A quokka skeleton (D:4)
  8 fungi
  13 plants
26 creatures vanquished.

Grand Total: 574 creatures vanquished

Notes
Turn   | Place    | Note
-------+----------+-------------------------------------------
     0 | D:1      | Firecrotchwizard the Minotaur Berserker began the quest for
                  | the Orb.
     0 | D:1      | Reached XP level 1. HP: 19/19 MP: 0/0
   113 | D:1      | Reached skill level 4 in Long Blades
   113 | D:1      | Reached XP level 2. HP: 27/27 MP: 1/1
   300 | D:1      | Reached skill level 4 in Fighting
   310 | D:1      | Reached XP level 3. HP: 29/33 MP: 2/2
   310 | D:1      | Reached ** piety under Trog
   665 | D:2      | Reached skill level 3 in Armour
   666 | D:2      | Reached XP level 4. HP: 40/40 MP: 3/3
  1046 | D:2      | Reached skill level 5 in Long Blades
  1046 | D:2      | Reached skill level 3 in Dodging
  1164 | D:2      | Found a shattered altar of Ashenzari.
  1532 | D:3      | Reached *** piety under Trog
  1533 | D:3      | Reached XP level 5. HP: 46/47 MP: 4/4
  1547 | D:3      | Noticed Natasha
  1555 | D:3      | Killed Natasha
  1747 | D:3      | Noticed Natasha
  1760 | D:3      | Killed Natasha
  1773 | D:3      | Noticed Natasha
  1784 | D:3      | Killed Natasha
  2111 | D:3      | Reached skill level 6 in Long Blades
  2111 | D:3      | Reached XP level 6. HP: 44/55 MP: 3/5
  2112 | D:3      | Reached skill level 5 in Fighting
  2118 | D:3      | Reached skill level 4 in Armour
  2511 | D:4      | Found Laizau's Antique Weapon Shoppe.
  2525 | D:4      | Noticed Edmund
  2540 | D:4      | Killed Edmund
  2673 | D:4      | Reached skill level 4 in Dodging
  2673 | D:4      | Reached XP level 7. HP: 44/61 MP: 3/6
  2821 | D:4      | Found Vagac's Armour Shoppe.
  2845 | D:4      | Bought a +1 pair of boots for 149 gold pieces
  2865 | D:4      | Reached skill level 7 in Long Blades
  3033 | D:4      | Noticed Pikel
  3037 | D:4      | Reached **** piety under Trog
  3067 | D:4      | Killed Pikel
  3067 | D:4      | Reached skill level 6 in Fighting
  3067 | D:4      | Reached skill level 8 in Long Blades
  3067 | D:4      | Reached skill level 5 in Armour
  3067 | D:4      | Reached skill level 5 in Dodging
  3067 | D:4      | Reached XP level 8. HP: 54/71 MP: 3/7
  3147 | D:4      | Found a shadowy altar of Dithmenos.
  3298 | D:4      | Noticed Sigmund
  3309 | D:4      | Killed Sigmund
  3309 | D:4      | Reached skill level 6 in Armour
  3382 | D:4      | Found a staircase to the Ecumenical Temple.
  3568 | D:5      | Entered Level 5 of the Dungeon
  3569 | D:5      | Noticed Duvessa
  3583 | D:5      | Killed Duvessa
  3583 | D:5      | Reached skill level 9 in Long Blades
  3583 | D:5      | Noticed Dowan
  3585 | D:5      | Noticed Blork the orc
  3590 | D:5      | Killed Dowan
  3590 | D:5      | Reached skill level 7 in Fighting
  3598 | D:5      | Killed Blork the orc
  3655 | D:5      | Reached skill level 6 in Dodging
  3813 | D:5      | Reached XP level 9. HP: 73/79 MP: 8/8
  3931 | D:5      | Found a snail-covered altar of Cheibriados.
  4011 | D:5      | Noticed Grinder
  4018 | D:5      | Noticed Menkaure
  4027 | D:5      | Killed Menkaure
  4027 | D:5      | Reached skill level 10 in Long Blades
  4027 | D:5      | Reached skill level 7 in Armour
  4037 | D:5      | Killed Grinder
  4657 | D:6      | Reached skill level 8 in Fighting
  4962 | D:6      | Found an ornate altar of the Wu Jian Council.
  4988 | D:6      | Reached skill level 7 in Dodging
  5241 | D:7      | Reached skill level 11 in Long Blades
  5355 | D:7      | Reached skill level 8 in Armour
  5439 | D:7      | Reached ***** piety under Trog
  5603 | D:7      | Reached XP level 10. HP: 82/90 MP: 7/9
  5733 | D:7      | Noticed Harold
  5765 | D:7      | Killed Harold
  6307 | D:7      | Reached skill level 9 in Fighting
  6650 | D:8      | Reached skill level 12 in Long Blades
  6859 | D:8      | Noticed Prince Ribbit
  6883 | D:8      | Killed Prince Ribbit
  6883 | D:8      | Reached skill level 8 in Dodging
  7103 | D:8      | Noticed Erica
  7124 | D:8      | Killed Erica
  7124 | D:8      | Reached skill level 9 in Armour
  7725 | D:9      | Received a gift from Trog
  7985 | D:9      | Reached XP level 11. HP: 85/99 MP: 8/10
  8051 | D:9      | Found a bloodstained altar of Trog.
  8289 | D:9      | Found a sacrificial altar of Ru.
  8343 | D:9      | Reached skill level 13 in Long Blades
  8498 | D:9      | Found a staircase to the Orcish Mines.
  8508 | D:9      | Found Raelog's Assorted Antiques.
  8522 | D:9      | Noticed a death yak
  8522 | D:9      | Noticed a death yak
  8523 | D:9      | Noticed a death yak
  8526 | D:9      | Noticed a death yak
  8567 | D:9      | Noticed a death yak
  8576 | D:9      | Killed a death yak
  8576 | D:9      | Reached skill level 10 in Fighting
  8585 | D:9      | Killed a death yak
  8585 | D:9      | Reached skill level 9 in Dodging
  8591 | D:9      | Killed a death yak
  8597 | D:9      | Killed a death yak
  8597 | D:9      | Reached skill level 10 in Armour
  8602 | D:9      | Killed a death yak
  8871 | D:9      | Found a staircase to the Lair.
  8937 | D:9      | Bought a transparent ivory ring for 125 gold pieces
  8937 | D:9      | Bought a scroll labeled REJEEN YMNOCU for 25 gold pieces
  8937 | D:9      | Identified the ring of Iffetuki {Ice rPois Int+3 Stlth-}
                  | (You bought it in a shop on level 9 of the Dungeon)
  8971 | D:9      | Found a glowing golden altar of the Shining One.
  8973 | D:9      | Found an opulent altar of Gozag.
  9147 | D:9      | Found a blossoming altar of Fedhas.
  9148 | D:9      | Found an ancient bone altar of Kikubaaqudgha.
  9213 | D:10     | Entered Level 10 of the Dungeon
  9427 | D:10     | Noticed a two-headed ogre
  9433 | D:10     | Killed a two-headed ogre
  9433 | D:10     | Reached skill level 14 in Long Blades
  9607 | Lair:1   | Entered Level 1 of the Lair of Beasts
  9793 | Lair:1   | Received a gift from Trog
 10303 | Lair:1   | Reached skill level 11 in Fighting
 10572 | Lair:2   | Reached XP level 12. HP: 110/110 MP: 11/11
 10791 | Lair:2   | Reached skill level 10 in Dodging
 10945 | Lair:2   | Identified 2 scrolls of acquirement
 10945 | Lair:2   | Acquired the +11 plutonium sword {*Contam Stlth-}
 10946 | Lair:2   | Found the +11 plutonium sword {*Contam Stlth-}
 11126 | Lair:2   | Found a staircase to the Swamp.
 11433 | Lair:2   | Reached skill level 11 in Armour
 11443 | Lair:3   | Noticed Urug
 11454 | Lair:3   | Noticed Urug
 11454 | Lair:3   | Urug changed into Urug the jumping spider
 11455 | Lair:3   | Killed Urug the jumping spider
 11455 | Lair:3   | Reached skill level 15 in Long Blades
 12862 | Lair:3   | Acquired 1890 gold pieces
 12982 | Lair:4   | Reached skill level 12 in Fighting
 13073 | Lair:4   | Found a staircase to the Snake Pit.
 13113 | Lair:4   | Reached skill level 16 in Long Blades
 13299 | Lair:4   | Reached skill level 11 in Dodging
 13880 | Lair:5   | Noticed Sonja
 13883 | Lair:5   | Killed Sonja
 13883 | Lair:5   | Reached skill level 12 in Armour
 13883 | Lair:5   | Reached XP level 13. HP: 118/118 MP: 12/12
 13956 | Lair:5   | HP: 23/118 [tyrant leech (7)]
 13957 | Lair:5   | HP: 11/118 [swamp worm (12)]
 13958 | Lair:5   | HP: 4/177 [tyrant leech (14)]
 13960 | Lair:5   | HP: 1/177 [swamp worm (3)]
 14369 | Lair:5   | Received a gift from Trog
 15117 | Lair:6   | Entered Level 6 of the Lair of Beasts
 15681 | Lair:6   | Reached skill level 17 in Long Blades
 15967 | Lair:6   | Reached skill level 13 in Fighting
 16290 | Lair:6   | Reached skill level 12 in Dodging
 16378 | Lair:6   | Reached skill level 13 in Armour
 16705 | Lair:6   | Found a staircase to the Slime Pits.
 17272 | Orc:1    | Entered Level 1 of the Orcish Mines
 17324 | Orc:1    | Reached XP level 14. HP: 129/129 MP: 13/13
 17373 | Orc:1    | Received a gift from Trog
 17753 | Orc:2    | Entered Level 2 of the Orcish Mines
 17887 | Orc:2    | Found a staircase to the Elven Halls.
 17896 | Orc:2    | Found a roughly hewn altar of Beogh.
 18111 | Orc:2    | Found Heabb's Distillery.
 18112 | Orc:2    | Noticed a stone giant
 18126 | Orc:2    | Killed a stone giant
 18126 | Orc:2    | Reached skill level 18 in Long Blades
 18146 | Orc:2    | Found Icsaj's Gadget Boutique.
 18152 | Orc:2    | HP: 21/130 [deep troll (12)]
 18153 | Orc:2    | HP: 5/130 [something (10)]
 18154 | Orc:2    | Slain by an ogre mage

Illustrated notes

Levels and vault maps discovered:
D:1:      scummos_arrival_forest, layout_loops_cross
D:2:      layout_basic, lemuel_coloured_pillars_altar, first_ration
D:3:      layout_basic, uniq_crazy_yiuf_cottage, uniq_natasha
D:4:      layout_loops_corners, grunt_dithmenos_smoke,
          minmay_temple_entry_sparse_star, serial_shops,
          nicolae_shop_waterfront, shop, uniq_sigmund, uniq_pikel, uniq_edmund
D:5:      layout_loops_ring, kennysheep_slug_shrine, uniq_duvessa,
          uniq_menkaure, uniq_blork_the_orc, uniq_grinder
D:6:      layout_basic, marbit_many_paths
D:7:      layout_basic, uniq_harold
D:8:      layout_basic, the_bakery, uniq_prince_ribbit1, uniq_erica
D:9:      layout_cave_pods, nicolae_overflow_hidden_temple,
          chequers_temple_overflow_statue_of_worship, dpeg_lair_monsters,
          erik_orc_4, serial_shops, nicolae_shop_crystal, trog_book
D:10:     layout_big_octagon
Lair:1:   layout_hall_layers, serial_bayou_shore_a, grunt_megastairs_1
Lair:2:   layout_chaotic_city, minmay_swamp_entry_worms
Lair:3:   beast_lair_carwin_large_1, layout_loops_ring, grunt_megastairs_3,
          uniq_urug
Lair:4:   lemuel_reptile_caves, layout_loops_ring, guppyfry_snake_entry_island
Lair:5:   layout_regular_city, worms_lemuel, uniq_sonja
Lair:6:   grunt_lair_end_beastmaster, layout_regular_city, slime_dummy,
          chequers_serial_rivers_small_3
Orc:1:    layout_diamond_mine
Orc:2:    st_orc_open, layout_caves, basic_altar

Skill      XL: |  1  2  3  4  5  6  7  8  9 10 11 12 13 14 |
---------------+-------------------------------------------+-----
Long Blades    | 4 5 6 8 9 11 12 14 16 17 18 | 18.3
Fighting       | 4 5 6 7 8 9 11 12 13 | 13.8
Armour         | 3 4 5 6 8 9 10 12 13 | 13.5
Dodging        | 3 4 5 6 7 8 9 11 12 | 12.5

Action                   |  1- 3 |  4- 6 |  7- 9 | 10-12 | 13-15 || total
-------------------------+-------+-------+-------+-------+-------++-------
Melee: Falchion          |    74 |   186 |   396 |    33 |       ||   689
       Headbutt          |    20 |    43 |    77 |   108 |    68 ||   316
       Scimitar          |       |       |       |   139 |       ||   139
       Great sword       |       |       |       |   186 |       ||   186
       Triple sword      |       |       |       |   174 |   262 ||   436
Invok: Berserk           |       |     1 |     1 |     2 |     2 ||     6
       Trog's Hand       |       |       |     3 |     1 |       ||     4
       Brothers in Arms  |       |       |       |     1 |     3 ||     4
  Use: Scroll            |       |     1 |     8 |     4 |    18 ||    31
       Potion            |       |       |       |       |     1 ||     1
  Eat: Chunk             |       |     7 |     9 |    27 |     9 ||    52
       Ration            |       |       |     1 |     1 |     2 ||     4
Armor: Plate armour      |    42 |   114 |       |       |       ||   156
       Chain mail        |       |     2 |   186 |   294 |   152 ||   634
Dodge: Dodged            |    50 |    72 |   177 |   374 |   204 ||   877
       Rpst.: Falchion   |    12 |    26 |    47 |     1 |       ||    86
       Scimitar          |       |       |       |    20 |       ||    20
       Great sword       |       |       |       |    29 |       ||    29
       Triple sword      |       |       |       |    48 |    47 ||    95

Levels and vault maps discovered:
D:1:      scummos_arrival_forest, layout_loops_cross
D:2:      layout_basic, lemuel_coloured_pillars_altar, first_ration
D:3:      layout_basic, uniq_crazy_yiuf_cottage, uniq_natasha
D:4:      layout_loops_corners, grunt_dithmenos_smoke,
          minmay_temple_entry_sparse_star, serial_shops,
          nicolae_shop_waterfront, shop, uniq_sigmund, uniq_pikel, uniq_edmund
D:5:      layout_loops_ring, kennysheep_slug_shrine, uniq_duvessa,
          uniq_menkaure, uniq_blork_the_orc, uniq_grinder
D:6:      layout_basic, marbit_many_paths
D:7:      layout_basic, uniq_harold
D:8:      layout_basic, the_bakery, uniq_prince_ribbit1, uniq_erica
D:9:      layout_cave_pods, nicolae_overflow_hidden_temple,
          chequers_temple_overflow_statue_of_worship, dpeg_lair_monsters,
          erik_orc_4, serial_shops, nicolae_shop_crystal, trog_book
D:10:     layout_big_octagon
Lair:1:   layout_hall_layers, serial_bayou_shore_a, grunt_megastairs_1
Lair:2:   layout_chaotic_city, minmay_swamp_entry_worms
Lair:3:   beast_lair_carwin_large_1, layout_loops_ring, grunt_megastairs_3,
          uniq_urug
Lair:4:   lemuel_reptile_caves, layout_loops_ring, guppyfry_snake_entry_island
Lair:5:   layout_regular_city, worms_lemuel, uniq_sonja
Lair:6:   grunt_lair_end_beastmaster, layout_regular_city, slime_dummy,
          chequers_serial_rivers_small_3
Orc:1:    layout_diamond_mine
Orc:2:    st_orc_open, layout_caves, basic_altar

Table legend:
 A = Turns spent in this place as a percentage of turns spent in the entire game.
 B = Non-inter-level travel turns spent in this place as a percentage of non-inter-level travel turns spent in the entire game.
 C = Inter-level travel turns spent in this place as a percentage of turns spent in this place.
 D = Turns resting spent in this place as a percentage of non-inter-level travel turns spent in this place.
 E = Turns spent auto-exploring this place as a percentage of non-inter-level travel turns spent in this place.
 F = Non-inter-level travel turns spent in this place divided by the number of levels of this place that you've seen.
                   A       B       C       D       E      F
               +-------+-------+-------+-------+-------+----------------------
         Total | 100.0 | 100.0 |   4.3 |  15.7 |  67.7 | 965.6
       Dungeon |  53.1 |  52.8 |   4.8 |  12.2 |  68.7 | 917.0
          Lair |  42.1 |  42.4 |   3.6 |  21.9 |  64.7 | 1227.5
  Orcish Mines |   4.9 |   4.9 |   4.1 |   0.0 |  82.0 | 423.0
               +-------+-------+-------+-------+-------+----------------------

Table legend:
 A = Kills in this place as a percentage of kills in entire the game.
 B = Kills by you in this place as a percentage of kills by you in the entire game.
 C = Kills by friends in this place as a percentage of kills by friends in the entire game.
 D = Other kills in this place as a percentage of other kills in the entire game.
 E = Experience gained in this place as a percentage of experience gained in the entire game.
 F = Experience gained in this place divided by the number of levels of this place that you have seen.
                   A       B       C       D       E      F
               +-------+-------+-------+-------+-------+----------------------
         Total | 100.0 | 100.0 | 100.0 |   N/A | 100.0 | 4444.8
       Dungeon |  52.9 |  55.1 |   0.0 |   N/A |  22.8 | 1828.1
          Lair |  35.6 |  36.1 |  22.7 |   N/A |  57.4 | 7650.5
  Orcish Mines |  11.5 |   8.7 |  77.3 |   N/A |  19.8 | 7911.0
               +-------+-------+-------+-------+-------+----------------------
